 Dungeon Crawl Stone Soup version 0.13-a0-2519-g3c5fe84 (webtiles) character file.

344 Rycklaryybbe the Grave Robber (level 5, 0/42 HPs)
             Began as a Deep Dwarf Necromancer on July 24, 2013.
             Slain by horsemans' ghost (13 damage)
             ... on Level 4 of the Dungeon.
             The game lasted 00:14:32 (3450 turns).

Rycklaryybbe the Grave Robber (DDNe)                Turns: 3450, Time: 00:14:32

HP   0/42        AC  6     Str 11      XL: 5   Next: 46%
MP  10/10        EV 12     Int 17      God:
Gold 147         SH  7     Dex 13      Spells:  3 memorised,  4 levels left

Res.Fire  : . . .   See Invis. : .   h - +2,+1 short sword (vamp)
Res.Cold  : . . .   Warding    : .   a - +0 robe
Life Prot.: . . .   Conserve   : .   A - +0 orc buckler
Res.Poison: .       Res.Corr.  : .   (no helmet)
Res.Elec. : .       Clarity    : .   l - +0 elf cloak
Sust.Abil.: . .     Spirit.Shd : .   v - +0 pair of gloves
Res.Mut.  : .       Stasis     : .   p - +1 pair of dwarf boots
Res.Rott. : .       Flight     : .   (no amulet)
Saprovore : . . .                    E - +1 ring of evasion
                                     (no ring)

@: non-regenerating, somewhat resistant to hostile enchantments, stealthy
A: damage resistance, recharge devices, sense surroundings 1, slow healing 3
a: Device Recharging


You were on level 4 of the Dungeon.
You were not hungry.

You visited 1 branch of the dungeon, and saw 5 of its levels.

You collected 127 gold pieces.

Inventory:

Hand weapons
 e - a +0,+0 dagger
 f - a +0,+0 orcish dagger (quivered)
 h - a +2,+1 vampiric short sword (weapon)
 m - a +1,+1 vampiric dagger
 y - a +2,+0 elven whip of electrocution
 G - a +0 blowgun
Missiles
 i - 30 darts
 C - 7 poisoned javelins
 F - 22 sling bullets
 H - 17 poisoned needles
Armour
 a - a +0 robe (worn)
 l - a +0 elven cloak (worn)
 p - a +1 pair of dwarven boots (worn)
 q - a +1 plate armour
 v - a +0 pair of gloves (worn)
 A - a +0 orcish buckler (worn)
Magical devices
 c - a wand of heal wounds (3)
 t - a wand of fireball (3) {unknown}
Comestibles
 u - a bread ration
 z - 2 meat rations
 B - 2 pears
 I - a rotting chunk of goblin flesh
 K - a chunk of goblin flesh
Scrolls
 d - a scroll of enchant weapon II {unknown}
 j - a scroll of remove curse
 k - 2 scrolls of teleportation
 n - 4 scrolls of identify
 s - a scroll of blinking {unknown}
 w - a scroll of enchant armour {unknown}
 D - a scroll of recharging {unknown}
Jewellery
 g - an uncursed amulet of guardian spirit
 x - an uncursed ring of teleportation
 E - a +1 ring of evasion (right hand)
Potions
 o - 2 potions of curing {unknown}
 r - 2 potions of speed {unknown}
 J - a potion of slowing {unknown}
Books
 b - a book of Necromancy

   Spells                             Type                      Level
   *Pain                              Necromancy                   1
   *Animate Skeleton                  Necromancy                   1
   Lethal Infusion                    Charms/Necromancy            2
   *Vampiric Draining                 Necromancy                   3
   Regeneration                       Charms/Necromancy            3
   Animate Dead                       Necromancy                   4
   Control Undead                     Necromancy                   4


   Skills:
 - Level 2.1 Short Blades
 - Level 2.1 Dodging
 - Level 2.4 Stealth
 - Level 0.4 Shields
 - Level 2.5 Spellcasting
 + Level 5.9 Necromancy


You had 4 spell levels left.
You knew the following spells:

 Your Spells              Type           Power        Failure   Level  Hunger
a - Pain                  Necr           ###.         1%          1    #......
b - Vampiric Draining     Necr           ###.......   6%          3    ###....
c - Animate Skeleton      Necr           N/A          1%          1    #......


Dungeon Overview and Level Annotations

Branches:
Dungeon (5/27)
 Temple: D:4-7

Altars:
Xom

Shops:
D:5: +

Annotations
D:4 1 exclusion, Blork the orc; Menkaure; Sigmund; horsemans' ghost, average MiFi
D:5 Prince Ribbit


Innate Abilities, Weirdness & Mutations

You are resistant to damage.
You can recharge devices by infusing magical energy.
You passively map a small area around you.
You do not heal naturally.


Message History

The magic dart hits you!
Blork the orc gestures at you while chanting.
The puff of frost hits you! The adder bites you but does no damage.
Blork the orc gestures wildly while chanting.
You feel a wave of unholy energy pass over you.
The adder barely misses you.
Blork the orc screams, "I'll decorate my home with your organs!"
You block the adder's attack.
There is a stone staircase leading up here.
Blork the orc casts a spell at you. The puff of flame hits you!
One of your 5 scrolls of identify catches fire!
You block the adder's attack.
Blork the orc hits you with an orcish mace!
You smell something rotten. (slot I)
You climb upwards.
Level annotation: 1 exclusion, Menkaure; Sigmund; horsemans' ghost, average MiFi Horsemans' ghost hits you!
You die...

+......'....#.......##...........
#......####............##........
#......# ###.).....#####........
#....<.# #.......# ##.######
#......# #.......# #..## #####'##
###.##### ##..# ##.# #..# ##.#
#..# ##o## #.# ###'### #@S# #.#
##.....##########p## ###'####
.'....%%..##.......# #......[
##.....##..#.......# ###.......
#.....###.#.......#####.'.......
#.....# #...........).).#.......
#.....# ###.......#######.......
#.....# ###.##### ##'#####
##..### #.# #.#


You could see Blork the orc, horsemans' ghost and an adder.

Vanquished Creatures
  An orc wizard (D:4)
  A worker ant (D:4)
  Ijyb (D:2)
  5 adders
  2 worms
  9 orcs
  3 giant cockroaches
  11 goblins
  8 hobgoblins
  5 bats
  A giant gecko (D:2)
  5 giant newts
  5 jackals
  8 kobolds
  3 quokkas
  7 rats
75 creatures vanquished.

Notes
Turn   | Place    | Note
--------------------------------------------------------------
     0 | D:1      | Rycklaryybbe, the Deep Dwarf Necromancer, began the quest for the Orb.
     0 | D:1      | Reached XP level 1. HP: 15/15 MP: 3/3
     3 | D:1      | Chaositek: пиздец чо
     6 | D:1      | Rycklaryybbe: сложно ими)
   629 | D:1      | Rycklaryybbe: ухты
   629 | D:1      | Rycklaryybbe: вампирик шорт сворд
   631 | D:1      | Chaositek: ага
   631 | D:1      | Rycklaryybbe: повезло
   631 | D:1      | Chaositek: охуенно особенно если ты вампир
   631 | D:1      | Rycklaryybbe: охуенно особенно если ты дип дворф
   631 | D:1      | Chaositek: над быть сытым чтобы одеть его
   631 | D:1      | Rycklaryybbe: потому что это лечение
   711 | D:1      | Chaositek: Угу но у вампира тоже проблема с лечением и они получают бонус больше от этого меча
   717 | D:1      | Rycklaryybbe: по сравнению с дд у вампира все впорядке с леченеим
   795 | D:1      | Chaositek: по сравнению с троллем все больные калеки какие то
   805 | D:1      | Reached XP level 2. HP: 16/22 MP: 2/4
   827 | D:1      | Reached skill level 5 in Necromancy
  1252 | D:1      | Reached skill level 1 in Short Blades
  1683 | D:2      | Reached XP level 3. HP: 28/28 MP: 6/6
  1836 | D:2      | Noticed Ijyb
  1889 | D:2      | Killed Ijyb
  2010 | D:2      | Reached XP level 4. HP: 36/36 MP: 8/8
  2403 | D:3      | Found a shimmering altar of Xom.
  2975 | D:4      | Noticed Menkaure
  3004 | D:4      | Reached XP level 5. HP: 22/42 MP: 10/10
  3063 | D:4      | Noticed Sigmund
  3215 | D:4      | Learned a level 3 spell: Vampiric Draining
  3225 | D:4      | Learned a level 1 spell: Animate Skeleton
  3281 | D:4      | Noticed horsemans' ghost (average MiFi)
  3350 | D:5      | Entered Level 5 of the Dungeon
  3368 | D:5      | Noticed Blork the orc
  3412 | D:5      | Found Xaryucum's Book Boutique.
  3413 | D:5      | Noticed Prince Ribbit
  3450 | D:4      | Slain by horsemans' ghost

Action                   |  1- 3 |  4- 6 || total
-------------------------+-------+-------++-------
Melee: Dagger            |     6 |       ||     6
       Short sword       |   153 |   229 ||   382
 Cast: Pain              |    17 |     7 ||    24
       Vampiric Draining |       |     6 ||     6
Evoke: Wand              |       |     2 ||     2
  Use: Scroll            |       |     2 ||     2
 Stab: Sleeping          |     2 |     3 ||     5
